 Dungeon Crawl Stone Soup version 0.28.0-45-g0d030f2227 (webtiles) character file.

Game seed: 17859044148681161557

14769 croobank the Blocker (level 11, -4/95 (104) HPs)
             Began as a Minotaur Fighter on Apr 17, 2022.
             Was a High Priest of Okawaru.
             Killed from afar by Josephine (32 damage)
             ... with a ghostly fireball
             ... on level 11 of the Dungeon.
             The game lasted 00:43:15 (9875 turns).

croobank the Blocker (Minotaur Fighter)             Turns: 9875, Time: 00:43:16

HP:   -4/95 (104)   AC: 14    Str: 44    XL:     11   Next: 93%
MP:   10/10         EV:  9    Int:  5    God:    Okawaru [*****.]
Gold: 827           SH:  0    Dex: 10    Spells: 10/10 levels left

rFire   . . .      SeeInvis .   a - +5 battleaxe
rCold   . . .      Faith    .   (shield currently unavailable)
rNeg    . . .      Spirit   .   Q - +1 chain mail of Uduyqe {Contam Str+7}
rPois   .          Reflect  .   (helmet restricted)
rElec   .          Harm     .   D - scarf {repulsion}
rCorr   .          Rampage  .   (no gloves)
Will    .....                   r - +0 pair of boots
Stlth   ..........              J - amulet of regeneration
HPRegen 1.05/turn               y - +6 ring of strength
MPRegen 0.12/turn               N - +6 ring of strength

@: slowed, drained, repel missiles, very slow
A: horns 2, retaliatory headbutt
a: Renounce Religion, Heroism, Finesse, Duel


You were on level 11 of the Dungeon.
You worshipped Okawaru.
Okawaru was extremely pleased with you.
You visited 2 branches of the dungeon, and saw 12 of its levels.
You also visited: Ossuary and Bailey.

You collected 827 gold pieces.

Inventory:

Hand Weapons
 a - a +5 battleaxe (weapon)
 b - a +0 fustibalus of flaming
 x - the +4 mace "Bode" {elec, Will- Str+3 Int+2}
   (You found it on level 4 of the Dungeon)

   It occasionally discharges a powerful burst of electricity upon striking a
   foe.
   Str:       It affects your strength (+3).
   Int:       It affects your intelligence (+2).
   Will:      It decreases your willpower.
 I - the +5 dagger of Incongruity {flame, rElec}
   (You found it on level 5 of the Dungeon)

   It burns those it strikes, dealing additional fire damage.
   rElec:     It insulates you from electricity.
 L - a +2 mace of holy wrath
 M - a +2 long sword of holy wrath
 S - the +8 hand axe of Integrity {vorpal, Int+4}
   (You found it in a bailey)

   It inflicts extra damage upon your enemies.
   Int:       It affects your intelligence (+4).
 T - the +7 spear "Hoad" {protect, rElec Dex+3}
   (You found it on level 7 of the Dungeon)

   It grants its wielder temporary protection when it strikes (+7 to AC).
   Dex:       It affects your dexterity (+3).
   rElec:     It insulates you from electricity.
 V - a +2 broad axe of flaming
Missiles
 f - 121 sling bullets
 g - 372 stones
 p - 4 javelins
 s - 9 boomerangs
 A - 6 poisoned darts
 U - a curare-tipped dart (quivered)
Armour
 c - a +0 buckler
 r - a +0 pair of boots (worn)
 D - a scarf of repulsion (worn)
 E - a +1 cloak
 F - the +0 plate armour of Plasticity {+Blink}
   (You found it in a bailey)

   +Blink:    It lets you blink.
 Q - the +1 chain mail of Uduyqe (worn) {Contam Str+7}
   (You found it in a bailey)

   Str:       It affects your strength (+7).
   Contam:    It causes magical contamination when unequipped.
 Z - a +3 plate armour of fire resistance
Jewellery
 k - a +4 ring of evasion
 l - a ring of flight
 n - a +6 ring of intelligence
 o - a +6 ring of dexterity
 y - a +6 ring of strength (left hand)
 G - a ring of protection from fire
 J - an amulet of regeneration (around neck)
 N - a +6 ring of strength (right hand)
Wands
 W - a wand of polymorph (5)
Scrolls
 i - a scroll of immolation
 q - 2 scrolls of silence
 t - 2 scrolls of magic mapping
 u - 11 scrolls of teleportation
 v - a scroll of blinking
 C - 2 scrolls of fear
 X - a scroll of torment
Potions
 d - a potion of lignification
 e - 7 potions of curing
 j - 3 potions of haste
 m - 3 potions of cancellation
 w - a potion of resistance
 z - 3 potions of might
 B - 2 potions of invisibility
 H - 4 potions of heal wounds {unknown}
 K - 2 potions of ambrosia {unknown}
 O - a potion of magic {unknown}
 P - a potion of brilliance {unknown}
 R - 2 potions of mutation {unknown}
Miscellaneous
 Y - a condenser vane (inert)


   Skills:
 + Level 12.2 Fighting
 + Level 11.9 Axes
 + Level 12.2 Armour
 + Level 12.2 Shields


You had 10 spell levels left.
You didn't know any spells.
Your spell library contained the following spells:

 Spells                   Type           Power      Damage    Failure   Level
 Static Discharge         Conj/Air       0%         N/A       89%         2
 Spider Form              Tmut/Pois      0%         N/A       98%         3
 Dispel Undead            Necr           0%         3d6       100%        4
 Sticky Flame             Conj/Fire      0%         2d3       100%        4
 Alistair's Intoxication  Tmut/Pois      0%         N/A       100%        5
 Fireball                 Conj/Fire      0%         3d3       100%        5
 Eringya's Noxious Bog    Tmut/Pois      0%         N/A       100%        6
 Starburst                Conj/Fire      0%         6d3       100%        6
 Ignition                 Fire           0%         3d3       100%        8
 Summon Forest            Summ/Tloc      Unusable   N/A       N/A         5
 Summon Mana Viper        Hex/Summ       Unusable   N/A       N/A         5
 Summon Cactus Giant      Summ           Unusable   N/A       N/A         6
 Summon Hydra             Summ           Unusable   N/A       N/A         7

Dungeon Overview and Level Annotations

Branches:
Dungeon (11/15)            Temple (1/1) D:4            Lair (0/6) D:11
    Orc (0/2) D:10        Ossuary (visited)          Bailey (visited)

Altars:
Ashenzari
Cheibriados
Dithmenos
Gozag
Hepliaklqana
Kikubaaqudgha
Okawaru
Qazlal
Sif Muna
Trog
Vehumet
Wu Jian
Xom
Zin
The Shining One

Shops:
D:3 (

Annotations:
D:11 Josephine


Innate Abilities, Weirdness & Mutations

You have a pair of horns on your head.
You reflexively headbutt those who attack you in melee.


Message History

You feel as though you will be slow longer.
Josephine hits you but does no damage.
You closely miss Josephine.
Josephine is heavily wounded.
You closely miss the wraith. You slash the wraith! The wraith hits you!
The wraith drains your vigour!
You feel as though you will be slow longer.
The wraith hits you. The wraith drains your vigour!
You feel as though you will be slow longer.
Josephine hits you but does no damage. The wraith barely misses you.
You furiously retaliate!
You headbutt the wraith!
You destroy the wraith!
Okawaru accepts your kill. The wraith barely misses you.
Josephine hits you with a +0 dagger.
You barely miss Josephine. You headbutt Josephine!
Josephine is heavily wounded.
You slash the wraith! The wraith hits you.
Josephine hits you but does no damage. The wraith hits you but does no damage.
Unknown command.
You barely miss Josephine. You headbutt Josephine!
Josephine is severely wounded.
You closely miss the wraith.
Josephine gestures at you while chanting.
The ghostly flame explodes!
The ghostly fireball engulfs you!!
You feel drained.
The ghostly fireball engulfs the wraith.
The wraith completely resists.
The ghostly fireball engulfs Josephine.
Josephine completely resists.
The wraith barely misses you. Josephine barely misses you.
Clouds of flame condense around you!
The condenser dries out!
The wraith is engulfed in blazing flames.
The wraith hits you.
* * * LOW HITPOINT WARNING * * *
The wraith drains your vigour!
You feel as though you will be slow longer.
Josephine is engulfed in blazing flames.
Josephine points at you and mumbles some strange words.
The ghostly flame explodes!
The ghostly fireball engulfs you!!
You feel drained.
You die...

##.........#
##.........# #.........#
#.).......# ##)########
#))# ####÷#######
######+ ...#...#.#.#
####§§..... >###.#.#.#.#
#..@W§.....
.....#.#...###.##@§.....
.#####.###.....# §§.....
...#...#...##### .......
##.#.#<#.### .......
...#.#.#.#.# .......
.###.###.#.# #######
...#.......#
############


You could see Josephine and a wraith.

Vanquished Creatures
  A centaur warrior (D:10)
  A boulder beetle (D:11)
  Erica (D:10)
  A two-headed ogre (D:10)
  4 lindwurms (D:10)
  An ugly thing (D:11)
  2 gargoyles
  An unseen horror (D:11)
  3 trolls
  A meliai zombie (D:7)
  5 wraiths
  12 yaks
  2 vampires (Bailey)
  A wyvern (D:11)
  2 vampire mosquitoes (D:10)
  3 water moccasins
  7 orc warriors
  A hornet zombie (D:7)
  2 ice beasts (D:5)
  2 black bears
  A necrophage (D:4)
  2 ogres
  2 centaurs
  A kobold brigand (D:11)
  2 elf zombies (Ossuary)
  4 bullfrogs
  A scorpion (D:4)
  A gnoll sergeant (D:9)
  2 elf skeletons (D:4)
  A wyvern skeleton (D:7)
  6 killer bees (D:9)
  8 vampire bats (Bailey)
  16 wights
  A howler monkey (D:8)
  3 wolf zombies (Bailey)
  2 human zombies
  A jelly (D:7)
  3 centaur zombies
  4 hounds
  2 orc priests
  Jessica (D:2)
  A human skeleton (D:4)
  3 iguanas
  9 orc wizards
  2 hound zombies
  4 mummies (Ossuary)
  Robin (D:2)
  4 gnolls (D:9)
  A howler monkey zombie (D:8)
  5 adders
  A shadow imp (D:5)
  An ufetubus (D:7)
  An adder zombie (Ossuary)
  An adder skeleton (D:4)
  2 dart slugs (D:2)
  49 orcs
  4 ball pythons (D:1)
  14 endoplasms
  A giant cockroach (D:1)
  20 goblins
  13 hobgoblins
  12 kobolds
  2 quokkas
  8 bats
  3 frilled lizards
  2 gnoll zombies (Ossuary)
  A goblin zombie (Ossuary)
  A hobgoblin zombie (Ossuary)
  A jackal zombie (Ossuary)
  An orc skeleton (D:4)
  19 orc zombies
  5 rats
  A rat zombie (Ossuary)
  A spectral kobold (D:2)
311 creatures vanquished.

Notes
Turn   | Place    | Note
-------+----------+-------------------------------------------
     0 | D:1      | croobank the Minotaur Fighter began the quest for the Orb.
     0 | D:1      | Reached XP level 1. HP: 19/19 MP: 0/0
   141 | D:1      | Reached XP level 2. HP: 18/27 MP: 1/1
   644 | D:1      | Reached XP level 3. HP: 32/33 MP: 2/2
  1166 | D:2      | Found a faded altar of an unknown god.
  1273 | D:2      | Reached XP level 4. HP: 41/41 MP: 3/3
  1284 | D:2      | Noticed Jessica
  1291 | D:2      | Killed Jessica
  1373 | D:2      | Noticed Robin
  1382 | D:2      | Killed Robin
  1538 | D:2      | You are sucked into a shaft and drop 2 floors!
  1589 | D:4      | Reached XP level 5. HP: 47/47 MP: 4/4
  1619 | D:4      | Reached skill level 5 in Fighting
  1619 | D:4      | Reached skill level 5 in Armour
  1619 | D:4      | Reached skill level 5 in Shields
  1628 | D:4      | Found a sand-covered staircase.
  1636 | D:4      | Reached XP level 6. HP: 46/56 MP: 5/5
  1639 | Ossuary  | Entered an ossuary
  2095 | D:4      | Reached skill level 5 in Axes
  2095 | D:4      | Reached XP level 7. HP: 58/62 MP: 6/6
  2179 | D:4      | Found a staircase to the Ecumenical Temple.
  2338 | D:4      | Identified the +4 mace "Bode" {elec, Will- Str+3 Int+2}
  2368 | D:3      | Found a shimmering altar of Xom.
  2369 | D:3      | Found a shimmering altar of Xom.
  2397 | Temple   | Entered the Ecumenical Temple
  2440 | Temple   | Became a worshipper of Warmaster Okawaru
  2843 | D:3      | Found a shimmering altar of Xom.
  2853 | D:3      | Found Soiclulu's Antique Weapon Emporium.
  2899 | D:3      | Found a shimmering altar of Xom.
  3592 | D:4      | Found a shimmering blue altar of Sif Muna.
  3862 | D:5      | Entered Level 5 of the Dungeon
  4011 | D:5      | Reached XP level 8. HP: 71/71 MP: 7/7
  4142 | D:5      | Reached * piety under Okawaru
  4360 | D:5      | Identified the +5 dagger of Incongruity {flame, rElec}
  4560 | D:5      | Identified a scroll of acquirement
  4560 | D:5      | Acquired a +2 broad axe of venom
  4724 | D:6      | Found a glowing golden altar of the Shining One.
  4958 | D:6      | Reached ** piety under Okawaru
  5044 | D:6      | Found a glowing silver altar of Zin.
  5044 | D:6      | Noticed an angel
  5173 | D:6      | Reached XP level 9. HP: 81/81 MP: 8/8
  5635 | D:7      | Found a flagged portal.
  5649 | Bailey   | Entered a bailey
  5701 | Bailey   | Reached *** piety under Okawaru
  5798 | Bailey   | Identified the +1 chain mail of Uduyqe {Contam Str+7}
  5870 | Bailey   | Noticed a gargoyle
  5896 | Bailey   | Killed a gargoyle
  6121 | Bailey   | Identified the +0 plate armour of Plasticity {+Blink}
  6133 | Bailey   | Identified the +8 hand axe of Integrity {vorpal, Int+4}
  6234 | D:7      | Identified the +7 spear "Hoad" {protect, rElec Dex+3}
  6278 | D:7      | Reached XP level 10. HP: 85/91 MP: 9/9
  6279 | D:7      | Found a broken altar of Ashenzari.
  6315 | D:7      | Found a hazy altar of Hepliaklqana.
  6826 | D:8      | Reached **** piety under Okawaru
  7697 | D:9      | Reached skill level 10 in Shields
  7705 | D:9      | Reached skill level 10 in Fighting
  7705 | D:9      | Reached skill level 10 in Armour
  7770 | D:9      | Reached ***** piety under Okawaru
  7775 | D:9      | Reached skill level 10 in Axes
  8026 | D:10     | Entered Level 10 of the Dungeon
  8162 | D:10     | Received a gift from Okawaru
  8188 | D:10     | Noticed a centaur warrior
  8195 | D:10     | Killed a centaur warrior
  8196 | D:10     | Reached XP level 11. HP: 40/101 MP: 10/10
  8549 | D:10     | Noticed Erica
  8560 | D:10     | Killed Erica
  8665 | D:10     | Found a staircase to the Orcish Mines.
  8896 | D:10     | Noticed a lindwurm
  8896 | D:10     | Noticed a lindwurm
  8897 | D:10     | Noticed a lindwurm
  8897 | D:10     | Noticed a lindwurm
  8932 | D:10     | Killed a lindwurm
  8932 | D:10     | Identified the +0 robe of Teffenga {rElec} (Okawaru gifted
                  | it to you on level 10 of the Dungeon)
  8932 | D:10     | Received a gift from Okawaru
  8935 | D:10     | Killed a lindwurm
  8954 | D:10     | Killed a lindwurm
  8975 | D:10     | Killed a lindwurm
  8995 | D:10     | Got the Compendium of Transformation
  9129 | D:10     | Noticed a two-headed ogre
  9137 | D:10     | Killed a two-headed ogre
  9562 | D:11     | Noticed a white ugly thing
  9565 | D:11     | Killed a white ugly thing
  9704 | D:11     | Found a staircase to the Lair.
  9713 | D:11     | Noticed a boulder beetle
  9720 | D:11     | Killed a boulder beetle
  9864 | D:11     | Noticed Josephine
  9875 | D:11     | Killed from afar by Josephine

Illustrated notes

Levels and vault maps discovered:
D:1:      dpeg_arrival_yet_another_circle, layout_basic,
          chequers_decorated_corner, minmay_misc_feat_secret_circle
D:2:      layout_rooms, dreamdust_ecumenical_altar_drowned_temple, uniq_robin,
          uniq_jessica
D:3:      layout_basic, xom_redecorated, serial_shops, shop
D:4:      layout_loops_cross, old_standard_altar,
          minmay_temple_entry_large_hall, nicolae_ossuary_entry_catacombs
D:5:      layout_rooms
D:6:      layout_loops_corners, zin_angel, mainiacjoe_overflow_six_doors_small
D:7:      layout_rooms, mainiacjoe_overflow_alcove_2,
          cheibrodos_ashenzari_chains, enter_bailey_5
D:8:      layout_cave_pools, kennysheep_nondescript, dk_noncrumbling_2
D:9:      layout_roguey
D:10:     wad_crossroads, layout_basic, hiddenorc1_lemuel, minmay_lindwurm_lava,
          uniq_erica
D:11:     layout_roguey, lair_entry_dummy, uniq_josephine
Temple:   eino_temple_rhombus

Skill      XL: |  1  2  3  4  5  6  7  8  9 10 11 |
---------------+----------------------------------+-----
Armour         | 4 5 6 7 9 10 12 | 12.2
Fighting       | 4 5 6 7 9 10 12 | 12.2
Shields        | 4 5 6 7 9 10 12 | 12.2
Axes           | 3 4 5 6 7 9 10 11 | 11.9

Action                   |  1- 3 |  4- 6 |  7- 9 | 10-12 || total
-------------------------+-------+-------+-------+-------++-------
Melee: War axe           |    86 |    76 |   124 |       ||   286
       Headbutt          |     9 |    20 |    51 |    40 ||   120
       Broad axe         |       |       |    91 |    41 ||   132
       Mace              |       |       |    75 |    11 ||    86
       Battleaxe         |       |       |       |   146 ||   146
       Hand axe          |       |       |       |    20 ||    20
 Fire: Hunting sling     |       |     1 |       |       ||     1
       Fustibalus        |       |       |       |    40 ||    40
Throw: Javelin           |     6 |     8 |       |       ||    14
       Stone             |       |     1 |       |       ||     1
       Dart              |       |       |     1 |    10 ||    11
Evoke: Condenser vane    |       |       |       |     1 ||     1
  Use: Scroll            |     2 |     5 |     9 |     8 ||    24
       Potion            |       |     1 |     1 |       ||     2
Armor: Scale mail        |    59 |    42 |    61 |       ||   162
       Chain mail        |       |       |    67 |   117 ||   184
Dodge: Dodged            |    37 |    41 |   109 |    88 ||   275
       Repelled          |       |       |     6 |       ||     6
Block: Buckler           |    20 |    27 |    90 |     6 ||   143
